 Dungeon Crawl Stone Soup version 0.31.0-10-gcf4a605ca0 (webtiles) character file.

Game seed: 17871785499761875350

33 Orangeyouglad the Apothecary (level 3, 0/19 HPs)
             Began as a Deep Elf Alchemist on Jan 25, 2024.
             Slain by a cerulean imp
             ... wielding a +3 spear
             ... summoned by Natasha
              (2 damage)
             ... on level 2 of the Dungeon.
             The game lasted 00:03:47 (1418 turns).

Orangeyouglad the Apothecary (Deep Elf Alchemist)   Turns: 1418, Time: 00:03:48

Health: 0/19       AC:  6    Str:  5    XL:     3   Next: 12%
Magic:  8/9        EV: 18    Int: 21    God:
Gold:   52         SH:  0    Dex: 15    Spells: 7/8 levels left

rFire   . . .        i - +0 short sword
rCold   . . .        (no shield)
rNeg    . . .        a - +0 robe
rPois   .            (no helmet)
rElec   .            (no cloak)
rCorr   .            (no gloves)
SInv    .            (no boots)
Will    .....        (no amulet)
Stlth   ++           f - +5 ring of evasion
HPRegen 0.23/turn    h - +4 ring of protection
MPRegen 0.11/turn

%: no passive effects
@: no status effects
A: no striking features
a: no special abilities


You were on level 2 of the Dungeon.
You visited 1 branch of the dungeon, and saw 2 of its levels.

You collected 80 gold pieces.
You spent 28 gold pieces at shops.

Inventory:

Hand Weapons
 i - a +0 short sword (weapon)
 j - a +0 orcbow
Missiles
 k - 3 poisoned darts
Armour
 a - a +0 robe (worn)
Jewellery
 f - a +5 ring of evasion (left hand)
 h - a +4 ring of protection (right hand)
 l - a ring of magical power
Scrolls
 d - 2 scrolls of teleportation
 e - a scroll of amnesia
 m - 2 scrolls of silence {unknown}
 n - a scroll of revelation {unknown}
Potions
 b - a potion of magic
 c - a potion of resistance {unknown}
 g - a potion of attraction {unknown}


   Skills:
 + Level 3.0 Dodging
 + Level 3.0 Stealth
 + Level 3.4 Spellcasting
 + Level 1.7 Conjurations
 + Level 3.6 Alchemy


You had 7 spell levels left.
You knew the following spells:

 Your Spells              Type           Power      Damage    Failure   Level
a - Sting                 Conj/Alch      56%        1d6       4%          1

Your spell library contained the following spells:

 Spells                   Type           Power      Damage    Failure   Level
 Mercury Vapours          Alch/Air       22%        N/A       9%          2
 Slow                     Hex            12%        N/A       13%         1
 Mephitic Cloud           Conj/Alch/Air  11%        N/A       19%         3
 Olgreb's Toxic Radiance  Alch           18%        N/A       28%         4
 Confusing Touch          Hex            3%         N/A       36%         3
 Sigil of Binding         Hex            3%         N/A       36%         3
 Vampiric Draining        Necr           3%         2d6       36%         3
 Sticky Flame             Fire/Alch      11%        2d5       52%         4


Dungeon Overview and Level Annotations

Branches:
Dungeon (2/15)

Altars:
Fedhas

Shops:
D:1 ?

Annotations:
D:2 Natasha


Message History

The jackal is severely wounded.
The jackal misses you.
The cerulean imp hits you from afar with a +3 spear!
Found 3 stones.
The jackal misses you.
The cerulean imp attacks as it pursues you!
The cerulean imp barely misses you.
You kill the jackal!
The cerulean imp hits you from afar with a +3 spear.
You see here 3 stones.
The cerulean imp attacks as it pursues you!
The cerulean imp closely misses you.
A quokka comes into view.
The cerulean imp attacks as it pursues you!
The cerulean imp misses you.
The cerulean imp attacks as it pursues you!
The cerulean imp closely misses you.
The cerulean imp attacks as it pursues you!
The cerulean imp barely misses you.
The cerulean imp hits you from afar with a +3 spear.
The quokka closely misses you.
The cerulean imp attacks as it pursues you!
The cerulean imp hits you from afar with a +3 spear.
The quokka completely misses you.
The cerulean imp attacks as it pursues you!
The cerulean imp hits you from afar with a +3 spear.
* * * LOW HITPOINT WARNING * * *
The quokka attacks as it pursues you! The quokka misses you.
Found 14 gold pieces.
The quokka bites you but does no damage.
Okay, then.
Casting: Sting (safe; 4% risk of failure)
Confirm with . or Enter, or press ? or * to list all spells.
You don't know that spell.
Aiming: Sting (safe; 4% risk of failure)
Press: ? - help, Q - select action, (/) - cycle Shift-Dir - straight line, f - quokka
Aim: a quokka (60% to hit)
The sting hits the quokka.
The quokka is poisoned.
The quokka is severely wounded.
The cerulean imp hits you from afar with a +3 spear.
You die... .hS

#. #.# #. # #
#######.# #. .#.
#.......###. #.#
#.#####†..#. #$#
##.#####.#...
#.#
#........h...
#.#
#..######h###
#@# #..# #h#
#r####..# #.#
#.5..hh.# #.#
#######h######.#
#..h.(h.h#
##########


You could see a cerulean imp (summoned) and a quokka (poisoned).

Vanquished Creatures
  2 dart slugs (D:1)
  A ribbon worm (D:2)
  An orc (D:2)
  5 endoplasms
  3 giant cockroaches (D:1)
  2 goblins (D:1)
  2 jackals (D:2)
  2 quokkas
  A ball python (D:2)
  A frilled lizard (D:1)
  A kobold (D:2)
  2 rats
23 creatures vanquished.

Notes
Turn   | Place    | Note
-------+----------+-------------------------------------------
     0 | D:1      | Orangeyouglad the Deep Elf Alchemist began the quest for
                  | the Orb.
     0 | D:1      | Reached XP level 1. HP: 10/10 MP: 6/6
   163 | D:1      | Reached XP level 2. HP: 15/15 MP: 4/8
   540 | D:1      | Found Lajomul's Magic Scroll Emporium.
   552 | D:1      | Bought a scroll of identify for 28 gold pieces
  1082 | D:2      | Reached XP level 3. HP: 19/19 MP: 6/9
  1379 | D:2      | Found a blossoming altar of Fedhas.
  1379 | D:2      | Noticed Natasha
  1418 | D:2      | Slain by a cerulean imp

Illustrated notes

Levels and vault maps discovered:
D:1:      matt_arrival_refuge, layout_loops_ring, serial_shops, shop,
          minmay_misc_feat_ornament
D:2:      layout_loops_ring, basic_altar, uniq_natasha, uniq_terence

Skill      XL: |  1  2  3 |
---------------+----------+-----
Stealth        | 3 |  3.0
Dodging        | 3 |  3.0
Spellcasting   | |  3.4
Conjurations   | |  1.7
Alchemy        | |  3.6

Action                     || total
---------------------------++-------
  Melee: Unarmed           ||     1
         Short sword       ||     3
   Cast: Sting             ||    49
    Use: Scroll            ||     2
 Armour: Robe              ||    13
  Dodge: Dodged            ||    28
